 Dungeon Crawl Stone Soup version 0.32-a0-909-gc671339a80 (webtiles) character file.

Game seed: 11592991794483689400

1551 jasper the Agent of Entropy (level 8, -2/78 HPs)
             Began as a Troll Fighter on Apr 6, 2024.
             Was a Priest of Lugonu.
             Slain by a shadow (30 damage)
             ... on level 6 of the Dungeon.
             The game lasted 00:07:57 (4113 turns).

jasper the Agent of Entropy (Troll Fighter)         Turns: 4113, Time: 00:07:58

Health: -2/78      AC:  5    Str: 25    XL:     8   Next: 57%
Magic:  11/11      EV:  8    Int:  4    God:    Lugonu [***...]
Gold:   298        SH:  9    Dex: 11    Spells: 7/7 levels left

rFire   . .          .
                       - Unarmed
rCold   . . .        b - +1 kite shield
rNeg    . . .        a - +0 robe
rPois   .            (helmet restricted)
rElec   .            p - +0 cloak
rCorr   .            (gloves unavailable)
SInv    .            (boots unavailable)
Will    .....        (no amulet)
Stlth   +            (no ring)
HPRegen 1.13/turn    (no ring)
MPRegen 0.12/turn

%: no passive effects
@: marked
A: large, unfitting armour, claws 3, regeneration 1, shaggy fur 1, tough skin 1
a: Renounce Religion, Depart the Abyss, Banish


You were on level 6 of the Dungeon.
You worshipped Lugonu.
Lugonu was most pleased with you.
You visited 1 branch of the dungeon, and saw 6 of its levels.

You collected 298 gold pieces.

Inventory:

Missiles
 h - 6 javelins
 i - 11 poisoned darts
 q - 4 curare-tipped darts (quivered)
 u - 3 boomerangs
Armour
 a - a +0 robe (worn)
 b - a +1 kite shield (worn)
 p - a +0 cloak (worn)
Wands
 c - a wand of flame (10)
 g - a wand of polymorph (12)
 v - a wand of warping (3)
Scrolls
 d - a scroll of fear
 j - a scroll of fog
 r - a scroll of noise
 s - a scroll of brand weapon
Potions
 e - 4 potions of curing
 f - 3 potions of degeneration
 k - a potion of enlightenment
 l - 2 potions of invisibility
 m - a potion of berserk rage
 n - a potion of lignification {unknown}
 o - 2 potions of mutation {unknown}
 t - a potion of resistance {unknown}
 x - a potion of brilliance {unknown}


   Skills:
 + Level 3.9 Fighting
 + Level 4.0 Dodging
 + Level 4.3 Shields
 * Level 5.6 Unarmed Combat
 - Level 6.0 Invocations


You had 7 spell levels left.
You didn't know any spells.
Your spell library contained the following spells:

 Spells                   Type           Power      Damage    Failure   Level
 Magic Dart               Conj           0%         1d3       75%         1
 Summon Small Mammal      Summ           0%         N/A       75%         1
 Blink                    Tloc           0%         N/A       87%         2
 Call Imp                 Summ           0%         N/A       87%         2
 Call Canine Familiar     Summ           0%         N/A       98%         3
 Sigil of Binding         Hex            0%         N/A       98%         3
 Summon Blazeheart Golem  Fire/Summ      0%         N/A       100%        4
 Death Channel            Necr           0%         N/A       100%        6
 Sculpt Simulacrum        Ice/Alch       0%         N/A       100%        6


Dungeon Overview and Level Annotations

Branches:
Dungeon (6/15)             Temple (0/1) D:5

Altars:
Lugonu


Innate Abilities, Weirdness & Mutations

You are too large for most types of armour.
You have claws for hands.
Your natural rate of healing is unusually fast.
You are covered in fur. (AC +1)
You have tough skin. (AC +1)


Message History

A malevolent force fills the Dungeon...
With a horrendous wail, an alarm goes off!
A sentinel's mark forms upon you.
The steam dragon hisses angrily.
You hear an angry hiss.
There is a stone staircase leading down here.
The steam dragon breathes steam at you. The ball of steam hits you!!
You take 22 damage, and have 56/78 hp.
MASSIVE DAMAGE!!
You are engulfed in a cloud of scalding steam.
You block the steam dragon's attack. x2
You take 10 damage, and have 46/78 hp.
You claw the steam dragon!
The steam dragon is heavily wounded.
You are engulfed in a cloud of scalding steam.
The steam dragon bites you.
The steam dragon claws you but does no damage.
You take 2 damage, and have 44/78 hp.
You claw the steam dragon!
The steam dragon is severely wounded.
You are engulfed in a cloud of scalding steam.
The steam dragon breathes steam at you. The ball of steam hits you!
You take 11 damage, and have 33/78 hp.
You claw the steam dragon!
You kill the steam dragon!
Lugonu accepts your kill.
The steam dragon scales are intact enough to wear.
You are engulfed in a cloud of scalding steam.
Your Dodging skill increases to level 4!
You take 5 damage, and have 28/78 hp.
You mangle the shadow!!
The shadow is almost destroyed.
You are engulfed in a cloud of scalding steam.
The shadow slips into darkness.
The shadow flickers and vanishes!
Deactivating autopickup; reactivate with Ctrl-A.
You take 1 damage, and have 27/78 hp.
You closely miss something.
The shadow strikes at you from the darkness!
You die...

#########
#.......### .
#....DW.. .
#{##..... ..
#@###############.
#>................
######.#.####.....
...#.# ###...
..####.# #.#. #..
... #.#. ## ...
#... ..... ###.
..... ####.


There were no monsters in sight!

Vanquished Creatures
  A steam dragon (D:6)
  A water moccasin (D:5)
  An orc warrior (D:6)
  An ice beast (D:5)
  An ogre (D:4)
  A centaur (D:6)
  A phantom (D:5)
  4 wights (D:6)
  A howler monkey (D:5)
  A bombardier beetle (D:3)
  3 hounds
  6 orc priests
  A jelly (D:5)
  A sleepcap (D:4)
  2 iguanas (D:5)
  2 orc wizards (D:4)
  Robin (D:2)
  4 adders
  A white imp (D:5)
  2 ufetubi (D:6)
  2 dart slugs (D:2)
  28 orcs
  5 ball pythons
  4 endoplasms
  3 giant cockroaches
  20 goblins
  7 hobgoblins
  A quokka (D:2)
  7 bats
  6 frilled lizards
  4 kobolds
  6 rats
129 creatures vanquished.

Vanquished Creatures (others)
  An orc wizard (D:6)
1 creature vanquished.

Grand Total: 130 creatures vanquished

Notes
Turn   | Place    | Note
-------+----------+-------------------------------------------
     0 | D:1      | jasper the Troll Fighter began the quest for the Orb.
     0 | D:1      | Reached XP level 1. HP: 22/22 MP: 0/0
   143 | D:1      | You fall into a shaft and drop 1 floor!
   170 | D:2      | Noticed Robin
   172 | D:2      | Reached XP level 2. HP: 29/29 MP: 1/1
   205 | D:2      | Reached XP level 3. HP: 10/36 MP: 2/2
   216 | D:2      | Killed Robin
   711 | D:1      | Found a faded altar of an unknown god.
   844 | D:1      | Prayed at the altar of an unknown god.
   844 | D:1      | Became a worshipper of Lugonu the Unformed
   844 | D:1      | Reached * piety under Lugonu
  1064 | D:2      | Reached XP level 4. HP: 44/44 MP: 3/3
  2021 | D:4      | Reached XP level 5. HP: 53/53 MP: 4/4
  2106 | D:4      | Noticed an ogre
  2127 | D:4      | Killed an ogre
  2127 | D:4      | Reached ** piety under Lugonu
  2222 | D:4      | Reached XP level 6. HP: 61/61 MP: 5/5
  2794 | D:5      | Entered Level 5 of the Dungeon
  2880 | D:5      | Reached skill level 1 in Invocations
  2881 | D:5      | Found a staircase to the Ecumenical Temple.
  3105 | D:5      | Noticed a water moccasin
  3113 | D:5      | Killed a water moccasin
  3114 | D:5      | Reached skill level 3 in Invocations
  3114 | D:5      | Reached XP level 7. HP: 52/67 MP: 6/8
  3354 | D:5      | Reached skill level 4 in Invocations
  3425 | D:5      | Reached *** piety under Lugonu
  3465 | D:5      | Reached skill level 5 in Invocations
  3813 | D:6      | Reached XP level 8. HP: 46/75 MP: 11/11
  3821 | D:6      | Reached skill level 6 in Invocations
  3947 | D:6      | Reached skill level 5 in Unarmed Combat
  4113 | D:6      | Slain by a shadow

Illustrated notes

Levels and vault maps discovered:
D:1:      doesnt_arrival_eight_statues, layout_basic, basic_ecumenical_altar,
          minmay_misc_feat_doors
D:2:      layout_rooms, uniq_robin
D:3:      layout_rooms, nicolae_figureground_sparkle
D:4:      layout_basic
D:5:      layout_gridville, minmay_temple_entry_tees, corexii_corridor_pit
D:6:      layout_basic, tgw_sif, minivault_22

Skill      XL: |  1  2  3  4  5  6  7  8 |
---------------+-------------------------+-----
Shields        | 3 4 |  4.3
Unarmed Combat | 3 4 5 |  5.6
Fighting       | 3 |  3.9
Dodging        | 3 4 |  4.0
Invocations    | 3 5 6 |  6.0

Action                     |  1- 3 |  4- 6 |  7- 9 || total
---------------------------+-------+-------+-------++-------
  Melee: Unarmed           |   100 |   133 |   129 ||   362
  Throw: Stone             |       |    19 |     1 ||    20
         Dart              |       |     4 |     7 ||    11
         Javelin           |       |     2 |       ||     2
    Use: Potion            |     1 |       |     2 ||     3
         Scroll            |       |    10 |     5 ||    15
   Stab: Sleeping          |     2 |       |       ||     2
 Armour: Robe              |    70 |    57 |   113 ||   240
         Skin              |       |     1 |       ||     1
  Dodge: Dodged            |    27 |    40 |    38 ||   105
  Block: Kite shield       |    29 |    40 |    67 ||   136

Table legend: (Time is in decaauts)
 A = Elapsed time spent in this place.
 B = Non-inter-level travel time spent in this place.
 C = Inter-level travel time spent in this place.
 D = Time resting spent in this place.
 E = Time spent auto-exploring this place.
 F = Levels seen in this place.
 G = Mean time per level.
                   A        B        C        D        E       F      G
               +--------+--------+--------+--------+--------+-----+--------+
         Total |   4132 |   3984 |    148 |    165 |   2758 |   6 |  688.7 |
       Dungeon |   4132 |   3984 |    148 |    165 |   2758 |   6 |  688.7 |
               +--------+--------+--------+--------+--------+-----+--------+

Top non-repeatable levels by time:
     D:4: 1001 daAuts
     D:5: 789 daAuts
     D:1: 722 daAuts
     D:3: 647 daAuts
     D:6: 534 daAuts
     D:2: 438 daAuts
